Unix NetHack Version 5.0.0-0 post-release - last build May 31 2026 23:59:36 (970b52f25bf058293b47ddfd14a1e40e571c508c,branch:main).

Game began 2026-06-01 16:22:36, ended 2026-06-01 16:46:06.

DaveT, lawful male human Priest

                                                      ------  ----------
         ----                                         .................|
  |..   --..-------                                   ..--.[........{..+
  |.-----.........|                                   ...--.%..........|
  |)..)).........--                                   .).       #....|.|
  -----.....{....---                                  ...       #......|
      -.............                                 --..       #......|
         ........|..                                 -...       #.....----
          ---..  |..                                |....       *|.......--
         |      --..                             --....-         ------.h.|
        ...     |...                             -.....               |@..|
        .%%     |....---.                        ...{...              |@.--
       -----    |....)...                        .......    --------+--@.--
         ---    |....|%..                        -......    ..........).)..
      ----.|.   |..----).                         --+-.     +............|.#
    --|.......  ----  |..                                     |............`
   --.|-.....-        |..                                     |............
  --..|....|)---------|..                                     -...-......+.#
  |.....---|.........--..                                   ...........h...
  |<..---  ------.......-                                   ............-..`
  -----         ---------
DaveT the Adept              St:17 Dx:9 Co:13 In:9 Wi:17 Ch:12  Lawful
Dlvl:7  $:257 HP:0(49) Pw:107(112) AC:-5 Xp:7 T:4301  Burdened

Latest messages:
 You finish eating the owlbear corpse.
 You hear the chime of a cash register.
 You hear someone praising Loki.
 You feel agile!
 You must have been working on your reflexes.
 The gnomish wizard casts a spell at you!
 Your head suddenly aches painfully!
 The gnomish wizard points at you, then curses.
 You hit the gnomish wizard!
 The gnomish wizard points at you, then curses.
 You kill the gnomish wizard!
 This door is locked.
 Unlock it with your key? [ynq] (q) y
 You succeed in unlocking the door.
 In what direction? l
 The door resists!
 The door opens.
 You hear crashing rock.
 The watchman throws a spear!
 A spear misses you.
 The watchman wields a crossbow!
 The watchman shoots a crossbow bolt!
 A crossbow bolt misses you.
 The watch captain throws a knife!
 The knife misses the watchman.
 A knife misses you.
 The watchman wields a short sword!
 You fail to cast the spell correctly.
 You fail to cast the spell correctly.
 The watchman thrusts her short sword.
 The watchman hits!
 The watchman thrusts her short sword.
 The watchman hits!
 You miss the watchman.
 The watchman thrusts her short sword.
 The watchman hits!
 The watchman wields a crossbow!
 The watch captain swings his silver saber.
 The watch captain hits!
 The watch captain swings his silver saber.
 The watch captain hits again!
 The watchman wields a short sword!
 You fail to cast the spell correctly.
 The watch captain swings his silver saber.
 The watch captain hits!
 The watch captain swings his silver saber.
 The watch captain hits again!
 You die...
 Do you want your possessions identified? [ynq] (y) y
 Do you want to see your attributes? [ynq] (y) q

Inventory:
 Coins    ('$')
  $ - 257 gold pieces
 Weapons  (')')
  D - a +0 arrow
  X - 29 +0 darts
  F - 4 blessed +0 daggers
  B - 3 +0 daggers
  l - a +0 aklys
  a - a blessed corroded +2 mace (weapon in right hand)
  m - a +0 bill-guisarme
 Armor    ('[')
  I - a +0 helmet (being worn)
  A - a +0 pair of iron shoes (being worn)
  c - a +0 small shield (being worn)
  k - a +0 elven cloak
  b - a blessed +4 robe (being worn)
  K - a blessed +2 ring mail (being worn)
 Comestibles  ('%')
  e - 2 cloves of garlic
  p - a food ration
  s - 4 food rations
  f - a sprig of wolfsbane
  x - a lichen corpse
 Scrolls  ('?')
  u - a blessed scroll of blank paper
  q - 5 scrolls of blank paper
  w - a cursed scroll of blank paper
  n - a blessed scroll of confuse monster
  Z - a blessed scroll of identify
  t - 2 scrolls of teleportation
 Spellbooks  ('+')
  y - a spellbook of invisibility
  S - a spellbook of sleep
  N - a spellbook of wizard lock
 Potions  ('!')
  Y - a blessed potion of see invisible
  i - a cursed potion of see invisible
  d - 3 potions of holy water
 Rings    ('=')
  r - a ring of levitation
 Wands    ('/')
  G - a wand of cold (0:4)
  z - a cursed wand of speed monster (0:7)
 Tools    ('(')
  O - a cursed brass lantern
  o - a cursed lock pick
  j - a skeleton key
  E - a blessed partly used wax candle
 Gems/Stones  ('*')
  H - a worthless piece of blue glass
  C - a worthless piece of green glass

DaveT the Priest's attributes:

Background:
 You were an Adept, a level 7 human Priest.
 You were lawful, on a mission for Tyr
 who was opposed by Odin (neutral) and Loki (chaotic).
 You were right-handed.
 You were in the Gnomish Mines, on level 7.
 You entered the dungeon 4301 turns ago.
 There was a full moon in effect when your adventure ended.
 You had 1169 experience points, 111 more were needed to attain level 8.

Basics:
 You had 0 out of 49 hit points.
 You had 107 out of 112 energy points (spell power).
 Your armor class was -5.
 Your wallet contained 257 zorkmids.
 Autopickup was off.

Final Characteristics:
 Your strength was 17 (limit:18/100).
 Your dexterity was 9 (limit:18).
 Your constitution was 13 (limit:18).
 Your intelligence was 9 (limit:18).
 Your wisdom was 17 (peak:18, limit:18).
 Your charisma was 12 (limit:18).

Final Status:
 You weren't hungry.
 You were burdened; movement was slightly slowed.
 You were wielding a mace.
 You had expert skill with mace.

Final Attributes:
 You were fervently aligned.
 You were guarded.
 Your spell casting was impaired by metallic armor, mitigated by your robe.
 You were unlucky.
 You are dead.

Miscellaneous:
 You didn't encounter any bones levels.
 Total elapsed playing time was 23 minutes and 29 seconds.

Major events:
 Turn
    1: DaveT the lawful human Priest entered the dungeon
  774: performed his first genocide (rust monsters)
 1075: entered the Gnomish Mines
 1160: attained the rank of Acolyte (level 3)
 2354: attained the rank of Adept (level 6)
 3835: reached Mine Town
 4301: killed by a watch captain

Spells:
 Name                 Level Category     Fail Retention
 healing                1   healing       69%  76%-100%
 detect food            2   divination   100%  76%-100%

Skills:
 Fighting Skills
   bare handed combat [Unskilled]
 Weapon Skills
   club               [Unskilled]
   mace               [Expert]
   morning star       [Unskilled]
   flail              [Unskilled]
   hammer             [Unskilled]
   quarterstaff       [Unskilled]
   polearms           [Unskilled]
   spear              [Unskilled]
   trident            [Unskilled]
   lance              [Unskilled]
   bow                [Unskilled]
   sling              [Unskilled]
   crossbow           [Unskilled]
   dart               [Unskilled]
   shuriken           [Unskilled]
   boomerang          [Unskilled]
   unicorn horn       [Unskilled]
 Spellcasting Skills
   healing spells     [Unskilled]
   divination spells  [Unskilled]
   clerical spells    [Basic]

Voluntary challenges:
 Character rerolling was not enabled.
 You genocided 1 type of monster.
 You never polymorphed an object.
 You never changed form.
 You used no wishes.
Achievements:
 You entered the Gnomish Mines.
 You attained the rank of Acolyte.
 You entered a shop.
 You attained the rank of Adept.
 You entered Minetown.

 The Dungeons of Doom: levels 1 to 5
    Level 1:
    Level 2:
       A sink.
    Level 3:
       Some altars to Tyr, some fountains, a grave.
    Level 4: "vault"
       A general store.
       Stairs down to The Gnomish Mines.
    Level 5:
 The Gnomish Mines: levels 5 to 7
    Level 5:
    Level 6:
    Level 7: <- You were here.
       Many fountains.
       Final resting place for
          you, killed by a watch captain.


Vanquished creatures:
  a large mimic
  3 watchmen
 an owlbear
  a dingo
  a snake
  a human zombie
 an imp
  3 ponies
  a fog cloud
  a yellow light
  6 gnome leaders
  4 gnomish wizards
  a straw golem
  2 paper golems
  6 giant ants
  2 floating eyes
  a kitten
  8 hill orcs
  2 giant bats
  2 iguanas
  a killer bee
  a gas spore
  a large kobold
  3 giant rats
  2 cave spiders
  a yellow mold
  2 green molds
 26 gnomes
  8 garter snakes
  4 geckos
  6 jackals
  a fox
  2 kobolds
  3 lichens
  3 kobold zombies
  6 newts
118 creatures vanquished.

Genocided species:
 rust monsters
1 species genocided.

Game over:
                       ----------
                      /          \
                     /    REST    \
                    /      IN      \
                   /     PEACE      \
                  /                  \
                  |      DaveT       |
                  |      257 Au      |
                  |   killed by a    |
                  |  watch captain   |
                  |                  |
                  |                  |
                  |       2026       |
                 *|     *  *  *      | *
        _________)/\\_//(\/(/\)/\//\/|_)_______

Goodbye DaveT the Priest...

You died in The Gnomish Mines on dungeon level 7 with 5298 points,
and 257 pieces of gold, after 4301 moves.
You were level 7 with a maximum of 49 hit points when you died.

